 Dungeon Crawl Stone Soup version 0.26-a0-667-g92642533e4 (webtiles) character file.

Game seed: 2544401672277696901

117 Chiseanne the Covert (level 4, 0/23 HPs)
             Began as a Spriggan Delver on Oct 18, 2020.
             Killed from afar by Blork the orc (4 damage)
             ... with a magic dart
             ... on level 4 of the Dungeon.
             The game lasted 00:03:04 (496 turns).

Chiseanne the Covert (Spriggan Delver)               Turns: 496, Time: 00:03:05

Health: 0/23       AC:  2    Str:  8    XL:     4   Next: 71%
Magic:  5/5        EV: 20    Int: 11    God:
Gold:   12         SH:  0    Dex: 18    Spells: 3/3 levels left

rFire    . . .     SeeInvis +   a - +0 short sword
rCold    . . .     Faith    .   (shield restricted)
rNeg     . . .     Spirit   .   b - +0 robe
rPois    .         Reflect  .   (helmet restricted)
rElec    .         Harm     .   (no cloak)
rCorr    .         Rampage  .   (gloves unavailable)
MR       .....                  (boots unavailable)
Stlth    ++++......             (no amulet)
HPRegen  0.07/turn              (no ring)
MPRegen  0.09/turn              (no ring)

@: very quick
A: very small, unfitting armour, see invisible, speed 3
a: no special abilities


You were on level 4 of the Dungeon.
You visited 1 branch of the dungeon, and saw 3 of its levels.

You collected 12 gold pieces.

Inventory:

Hand Weapons
 a - a +0 short sword (weapon)
Armour
 b - a +0 robe (worn)
Jewellery
 i - an uncursed ring of wizardry
Wands
 g - a wand of digging (3)
Scrolls
 c - a scroll of fog
 d - a scroll of magic mapping
 e - a scroll of fear
 h - 2 scrolls of identify
Potions
 f - a potion of haste


   Skills:
 - Level 2.4 Fighting
 * Level 3.6 Short Blades
 * Level 4.8 Dodging
 * Level 8.4 Stealth


You had 3 spell levels left.
You didn't know any spells.
Your spell library was empty.

Dungeon Overview and Level Annotations

Branches:
Dungeon (6/15)
 Temple: D:4-7

Altars:

Shops:
D:4 [

Annotations:
D:4 Blork the orc


Innate Abilities, Weirdness & Mutations

You are very small and have problems with some larger weapons.
You are too small for most types of armour.
You have supernaturally acute eyesight. (SInv)
You cover ground extremely quickly.


Message History

It is a scroll of identify.
i - an uncursed ring of wizardry The centaur skeleton closely misses you.
The centaur skeleton completely misses you.
The centaur skeleton hits you.
Found Bifepeat's Antique Armour Shoppe.
The centaur skeleton hits you!
* * * LOW HITPOINT WARNING * * *
Found a scroll labeled SICETH XOMOCUA.
Found 23 stones.
Found a mace.
Found a scroll of identify.
There is an entrance to Bifepeat's Antique Armour Shoppe here.
You can access your shopping list by pressing '$'.
Blork the orc comes into view.
He is wielding a +0 scimitar.
Blork the orc shouts!
You hear an angry hiss.
Found a rapier.
Blork the orc casts a spell at you. The magic dart hits you.
You die...

##.............###...
##...........## #...
######o########. ...
#?.....# ###... ..
#.....Z###...)
#...........#
#.....∩##..#..
............#.#
.........#@...#
##..........###
.....(........
.#.##.#.....).# ...
#.#......... .#
#.#..........
####....o...
#........


You could see Blork the orc.

Vanquished Creatures
  3 orc priests (D:4)
  A gnoll (D:5)
  2 white imps (D:5)
  A leopard gecko (D:5)
  3 jackals (D:5)
10 creatures vanquished.

Notes
Turn   | Place    | Note
-------+----------+-------------------------------------------
     0 | D:5      | Chiseanne the Spriggan Delver began the quest for the Orb.
     0 | D:5      | Reached XP level 1. HP: 11/11 MP: 2/2
    75 | D:5      | Reached XP level 2. HP: 16/16 MP: 3/3
   435 | D:5      | Reached XP level 3. HP: 19/19 MP: 4/4
   454 | D:4      | Reached skill level 8 in Stealth
   456 | D:4      | Reached XP level 4. HP: 12/23 MP: 5/5
   482 | D:4      | Found Bifepeat's Antique Armour Shoppe.
   494 | D:4      | Noticed Blork the orc
   496 | D:4      | Killed from afar by Blork the orc

Illustrated notes

Levels and vault maps discovered:
D:4:      layout_rooms, serial_shops, shop, gammafunk_ghost_cemetery,
          corexii_shack, serial_bayou_pond_c, bloody_makhleb, uniq_blork_the_orc
D:5:      lemuel_castle_with_subvaults [lemuel_castle_interior_carwin_3],
          layout_loops_cross, minmay_temple_entry_ruins, st_stairs_1
D:6:      layout_basic

Skill      XL: |  1  2  3 |
---------------+----------+-----
Short Blades   | 3 |  3.6
Dodging        | 4 |  4.8
Stealth        | 8 |  8.4
Fighting       | |  2.4

Action                   |  1- 3 |  4- 6 || total
-------------------------+-------+-------++-------
Melee: Short sword       |    12 |     1 ||    13
  Use: Scroll            |       |     1 ||     1
 Stab: Sleeping          |     8 |     1 ||     9
Dodge: Dodged            |    12 |     2 ||    14

Table legend: (Time is in decaauts)
 A = Elapsed time spent in this place.
 B = Non-inter-level travel time spent in this place.
 C = Inter-level travel time spent in this place.
 D = Time resting spent in this place.
 E = Time spent auto-exploring this place.
 F = Levels seen in this place.
 G = Mean time per level.
                   A        B        C        D        E       F      G
               +--------+--------+--------+--------+--------+-----+--------+
         Total |    413 |    413 |      0 |    263 |      0 |   3 |  137.7 |
       Dungeon |    413 |    413 |      0 |    263 |      0 |   3 |  137.7 |
               +--------+--------+--------+--------+--------+-----+--------+

Top non-repeatable levels by time:
     D:6: 274 daAuts
     D:5: 111 daAuts
     D:4: 27 daAuts
